SAAA
PENNSAUKEN FLYERS @ PURE MICHIGAN GREAT LAKERS
08/29/2034
 
TOP OF THE 1ST
Pennsauken Flyers batting - Pitching for Pure Michigan Great Lakers : RHP Nate Jackson
Pitching: RHP Nate Jackson
Batting: RHB Marc Beck 0-0: Ball
1-0: Ball
2-0: Ball
3-0: Base on Balls
Batting: SHB Chris Williamson 0-0: Foul Ball, location: 2F
0-1: Ball
1-1: Ball
2-1: Foul Ball, location: 2F
2-2: Strikes out looking
Batting: RHB José Rodríguez 0-0: Ground out 6-3 (Groundball, 6S)
Marc Beck to second
Batting: LHB Arana Sashi 0-0: Called Strike
0-1: Ball
1-1: Ball
2-1: Swinging Strike
2-2: Ball
3-2: Base on Balls
Batting: RHB Dave Ash 0-0: Ball
1-0: Ball
2-0: Ball
3-0: Called Strike
3-1: Fly out, F7 (Line Drive, 7)
Top of the 1st over - 0 runs, 0 hits, 0 errors, 2 left on base; Pennsauken 0 - Pure Michigan 0
BOTTOM OF THE 1ST
Pure Michigan Great Lakers batting - Pitching for Pennsauken Flyers : RHP Vincent O'Higgin
Pitching: RHP Vincent O'Higgin
Batting: LHB Nathan Housden 0-0: Ball
1-0: Foul Ball, location: 2F
1-1: Ground out U3 (Groundball, 3)
Batting: SHB Roger Dorn 0-0: Called Strike
0-1: Hit by Pitch
Batting: RHB Alco Compagne 0-0: Called Strike
0-1: Ball
1-1: Ball
2-1: Foul Ball, location: 2F
2-2: Ball
3-2: Fly out, F9 (Flyball, 9S)
Batting: LHB Dudley Gardner 0-0: Ball
1-0: Swinging Strike
1-1: DOUBLE (Flyball, 8RXD)
Roger Dorn to third
Runner from 3rd tries for Home, SAFE, no throw
Batting: RHB Dan Hendricks 0-0: Hit by Pitch
Batting: SHB Cyrille Baffi 0-0: SINGLE (Line Drive, 4MD)
Dudley Gardner to third
Dan Hendricks to second
Runner from 3rd tries for Home, SAFE, throw made home
Batting: LHB Gilberto Moreno 0-0: Ball
1-0: Foul Ball, location: 2F
1-1: Ball
2-1: Foul Ball, location: 2F
2-2: SINGLE (Flyball, 89M)
Dan Hendricks to third
Cyrille Baffi to second
Runner from 3rd tries for Home, SAFE, throw made home
Batting: RHB David Crow 0-0: Ball
1-0: Fly out, F5 (Popup, 5SF)
Bottom of the 1st over - 3 runs, 3 hits, 0 errors, 2 left on base; Pennsauken 0 - Pure Michigan 3
TOP OF THE 2ND
Pennsauken Flyers batting - Pitching for Pure Michigan Great Lakers : RHP Nate Jackson
Batting: RHB Raúl Moreno 0-0: Ball
1-0: Called Strike
1-1: Foul Ball, location: 2F
1-2: Foul Ball, location: 2F
1-2: Ground out 6-3 (Groundball, 6)
Batting: RHB Roy McFerran 0-0: Called Strike
0-1: Ground out 5-3 (Groundball, 56S)
Batting: RHB Clarence Therrien 0-0: Called Strike
0-1: SINGLE (Groundball, 6MD)
Batting: RHB John Downing 0-0: Called Strike
Clarence Therrien steals 2nd base
0-1: Foul Ball, location: 2F
0-2: Strikes out looking
Top of the 2nd over - 0 runs, 1 hit, 0 errors, 1 left on base; Pennsauken 0 - Pure Michigan 3
BOTTOM OF THE 2ND
Pure Michigan Great Lakers batting - Pitching for Pennsauken Flyers : RHP Vincent O'Higgin
Batting: RHB Trevor O'Herlihy 0-0: Called Strike
0-1: DOUBLE (Line Drive, 7LD)
Batting: LHB Nathan Housden 0-0: Ball
1-0: SINGLE (Line Drive, 9LS)
Trevor O'Herlihy to third
Batting: SHB Roger Dorn 0-0: Ball
1-0: Called Strike
1-1: Foul Ball, location: 2F
1-2: Grounds into double play, 4-6-3 (Groundball, 4)
Trevor O'Herlihy scores
Batting: RHB Alco Compagne 0-0: Ground out U3 (Groundball, 3)
Bottom of the 2nd over - 1 run, 2 hits, 0 errors, 0 left on base; Pennsauken 0 - Pure Michigan 4
TOP OF THE 3RD
Pennsauken Flyers batting - Pitching for Pure Michigan Great Lakers : RHP Nate Jackson
Batting: RHB Marc Beck 0-0: Fly out, F4 (Line Drive, 4M)
Batting: SHB Chris Williamson 0-0: Foul Ball, location: 2F
0-1: Foul Ball, location: 2F
0-2: Ball
1-2: Foul Ball, location: 2F
1-2: Ball
2-2: Strikes out swinging
Batting: RHB José Rodríguez 0-0: Ball
1-0: Swinging Strike
1-1: Ground out 6-3 (Groundball, 6)
Top of the 3rd over - 0 runs, 0 hits, 0 errors, 0 left on base; Pennsauken 0 - Pure Michigan 4
BOTTOM OF THE 3RD
Pure Michigan Great Lakers batting - Pitching for Pennsauken Flyers : RHP Vincent O'Higgin
Batting: LHB Dudley Gardner 0-0: Called Strike
0-1: Called Strike
0-2: Ball
1-2: Ball
2-2: Foul Ball, location: 2F
2-2: Ball
3-2: DOUBLE (Line Drive, 89D)
Batting: RHB Dan Hendricks 0-0: Foul Ball, location: 2F
0-1: Fly out, F7 (Flyball, 78D)
Batting: SHB Cyrille Baffi 0-0: Foul Ball, location: 2F
0-1: Ball
1-1: Foul Ball, location: 2F
1-2: Strikes out looking
Batting: LHB Gilberto Moreno 0-0: Foul Ball, location: 2F
0-1: Foul Ball, location: 2F
0-2: SINGLE (Line Drive, 8RS)
Dudley Gardner to third
Runner from 3rd tries for Home, SAFE, no throw
Batting: RHB David Crow 0-0: Called Strike
0-1: Ball
1-1: Ball
2-1: Foul Ball, location: 2F
2-2: Foul Ball, location: 2F
2-2: Strikes out swinging
Bottom of the 3rd over - 1 run, 2 hits, 0 errors, 1 left on base; Pennsauken 0 - Pure Michigan 5
TOP OF THE 4TH
Pennsauken Flyers batting - Pitching for Pure Michigan Great Lakers : RHP Nate Jackson
Batting: LHB Arana Sashi 0-0: Swinging Strike
0-1: Ball
1-1: Ball
2-1: Foul Ball, location: 2F
2-2: Ball
3-2: Base on Balls
Batting: RHB Dave Ash 0-0: SINGLE (Groundball, 6D)
Arana Sashi to second
Batting: RHB Raúl Moreno 0-0: Ball
Arana Sashi steals 3rd base
1-0: Foul Ball, location: 2F
1-1: Foul Ball, location: 2F
1-2: Strikes out looking
Batting: RHB Roy McFerran 0-0: Called Strike
0-1: Foul Ball, location: 2F
0-2: Ball
1-2: DOUBLE (Line Drive, 9LD)
Arana Sashi scores
Dave Ash to third
Runner from 3rd tries for Home, SAFE, no throw
Batting: RHB Clarence Therrien 0-0: Ball
1-0: Foul Ball, location: 2F
1-1: Ball
Roy McFerran steals 3rd base
2-1: Ground out 5-3 (Groundball, 5)
Batting: RHB John Downing 0-0: Ball
1-0: Ball
2-0: Ground out 6-3 (Groundball, 56)
Top of the 4th over - 2 runs, 2 hits, 0 errors, 1 left on base; Pennsauken 2 - Pure Michigan 5
BOTTOM OF THE 4TH
Pure Michigan Great Lakers batting - Pitching for Pennsauken Flyers : RHP Vincent O'Higgin
Batting: RHB Trevor O'Herlihy 0-0: Foul Ball, location: 2F
0-1: Swinging Strike
0-2: Foul Ball, location: 2F
0-2: Strikes out looking
Batting: LHB Nathan Housden 0-0: Ball
1-0: Swinging Strike
1-1: Called Strike
1-2: SINGLE (Groundball, 56D)
Batting: SHB Roger Dorn 0-0: Ball
Nathan Housden is caught stealing 2nd base
1-0: Called Strike
1-1: Ground out U3 (Groundball, 3)
Bottom of the 4th over - 0 runs, 1 hit, 0 errors, 0 left on base; Pennsauken 2 - Pure Michigan 5
TOP OF THE 5TH
Pennsauken Flyers batting - Pitching for Pure Michigan Great Lakers : RHP Nate Jackson
Batting: RHB Marc Beck 0-0: Ground out 4-3 (Groundball, 4M)
Batting: SHB Chris Williamson 0-0: Called Strike
0-1: SINGLE (Groundball, 4MD)
Batting: RHB José Rodríguez 0-0: Ball
1-0: Ball
2-0: DOUBLE (Flyball, 89D)
Chris Williamson to third
Batting: LHB Arana Sashi 0-0: Called Strike
0-1: Swinging Strike
0-2: Fly out, F8 (Flyball, 8LS)
Runner from 3rd tags up, SCORES, no throw
Batting: RHB Dave Ash 0-0: Called Strike
0-1: Fly out, F7 (Flyball, 7)
Top of the 5th over - 1 run, 2 hits, 0 errors, 1 left on base; Pennsauken 3 - Pure Michigan 5
BOTTOM OF THE 5TH
Pure Michigan Great Lakers batting - Pitching for Pennsauken Flyers : RHP Vincent O'Higgin
Batting: RHB Alco Compagne 0-0: Ball
1-0: Ground out 4-3 (Groundball, 4MS)
Batting: LHB Dudley Gardner 0-0: Called Strike
0-1: Called Strike
0-2: Ball
1-2: Ball
2-2: Ball
3-2: Strikes out looking
Batting: RHB Dan Hendricks 0-0: Called Strike
0-1: Called Strike
0-2: Foul Ball, location: 2F
0-2: Foul Ball, location: 2F
0-2: Ball
1-2: Strikes out looking
Bottom of the 5th over - 0 runs, 0 hits, 0 errors, 0 left on base; Pennsauken 3 - Pure Michigan 5
TOP OF THE 6TH
Pennsauken Flyers batting - Pitching for Pure Michigan Great Lakers : RHP Nate Jackson
Batting: RHB Raúl Moreno 0-0: Called Strike
0-1: Ball
1-1: Ground out 6-3 (Groundball, 56)
Batting: RHB Roy McFerran 0-0: Ball
1-0: Swinging Strike
1-1: Foul Ball, location: 2F
1-2: Ball
2-2: Fly out, F7 (Flyball, 78M)
Batting: RHB Clarence Therrien 0-0: Called Strike
0-1: Foul Ball, location: 2F
0-2: Ball
1-2: Ground out 3-1 (Groundball, 34)
Top of the 6th over - 0 runs, 0 hits, 0 errors, 0 left on base; Pennsauken 3 - Pure Michigan 5
BOTTOM OF THE 6TH
Pure Michigan Great Lakers batting - Pitching for Pennsauken Flyers : RHP Vincent O'Higgin
Batting: SHB Cyrille Baffi 0-0: Ball
1-0: Ground out 3-1 (Groundball, 34)
Batting: LHB Gilberto Moreno 0-0: Called Strike
0-1: Ball
1-1: Ball
2-1: Ball
3-1: Base on Balls
Batting: RHB David Crow 0-0: Called Strike
0-1: Called Strike
0-2: Ball
1-2: Ball
2-2: Ball
3-2: DOUBLE (Line Drive, 7LD)
Gilberto Moreno to third
Gilberto Moreno scores
Pitching: RHP Seong-rae Park
Batting: RHB Trevor O'Herlihy 0-0: Ball
1-0: SINGLE (Groundball, 4D)
David Crow to third
Runner from 3rd tries for Home, throw and OUT!
Batting: LHB Nathan Housden 0-0: Ball
1-0: Foul Ball, location: 2F
1-1: Fly out, F8 (Line Drive, 8RD)
Bottom of the 6th over - 1 run, 2 hits, 0 errors, 1 left on base; Pennsauken 3 - Pure Michigan 6
TOP OF THE 7TH
Pennsauken Flyers batting - Pitching for Pure Michigan Great Lakers : RHP Nate Jackson
Now at C: Quincy van Enk
Batting: RHB John Downing 0-0: Called Strike
0-1: Ball
1-1: Ball
2-1: Fly out, F7 (Flyball, 78D)
Batting: RHB Marc Beck 0-0: Ball
1-0: Fly out, F9 (Flyball, 9S)
Batting: SHB Chris Williamson 0-0: Called Strike
0-1: Ball
1-1: Called Strike
1-2: Ball
2-2: Strikes out swinging
Top of the 7th over - 0 runs, 0 hits, 0 errors, 0 left on base; Pennsauken 3 - Pure Michigan 6
BOTTOM OF THE 7TH
Pure Michigan Great Lakers batting - Pitching for Pennsauken Flyers : RHP Seong-rae Park
Batting: SHB Roger Dorn 0-0: Ball
1-0: Ball
2-0: Called Strike
2-1: Called Strike
2-2: Strikes out swinging
Batting: RHB Alco Compagne 0-0: Ball
1-0: Called Strike
1-1: Fly out, F8 (Flyball, 8LD)
Batting: LHB Dudley Gardner 0-0: Ball
1-0: Called Strike
1-1: Foul Ball, location: 2F
1-2: Ball
2-2: Ball
3-2: Base on Balls
Batting: RHB Dan Hendricks 0-0: Called Strike
0-1: Foul Ball, location: 2F
0-2: Ground out 6-3 (Groundball, 6S)
Bottom of the 7th over - 0 runs, 0 hits, 0 errors, 1 left on base; Pennsauken 3 - Pure Michigan 6
TOP OF THE 8TH
Pennsauken Flyers batting - Pitching for Pure Michigan Great Lakers : RHP Nate Jackson
Now at 3B: Hamilton Swan
Batting: RHB José Rodríguez 0-0: Ball
1-0: Ball
2-0: Ball
3-0: Base on Balls
Batting: LHB Arana Sashi 0-0: Ball
1-0: Ball
2-0: Foul Ball, location: 2F
2-1: Swinging Strike
2-2: Foul Ball, location: 2F
2-2: Foul Ball, location: 2F
2-2: Foul Ball, location: 2F
2-2: Grounds into double play, 5-4-3 (Groundball, 5)
Batting: RHB Dave Ash 0-0: Swinging Strike
0-1: Swinging Strike
0-2: Foul Ball, location: 2F
0-2: Ball
1-2: Strikes out swinging
Top of the 8th over - 0 runs, 0 hits, 0 errors, 0 left on base; Pennsauken 3 - Pure Michigan 6
BOTTOM OF THE 8TH
Pure Michigan Great Lakers batting - Pitching for Pennsauken Flyers : RHP Seong-rae Park
Batting: SHB Cyrille Baffi 0-0: Ball
1-0: Fly out, F9 (Flyball, 89D)
Batting: LHB Gilberto Moreno 0-0: SINGLE (Groundball, 34D)
Batting: RHB David Crow 0-0: Ball
1-0: Swinging Strike
1-1: Called Strike
1-2: Strikes out swinging
Batting: RHB Quincy van Enk 0-0: Foul Ball, location: 2F
0-1: Foul Ball, location: 2F
0-2: Ball
1-2: SINGLE (Line Drive, 6D)
Gilberto Moreno to second
Batting: LHB Nathan Housden 0-0: Ball
1-0: Foul Ball, location: 2F
1-1: Ball
2-1: Ball
3-1: Base on Balls
Gilberto Moreno to third
Quincy van Enk to second
Pinch Hitting: LHB Ángel Pineda 0-0: Fielders Choice at 2nd, 5-4 (Groundball, 5)
Bottom of the 8th over - 0 runs, 2 hits, 0 errors, 3 left on base; Pennsauken 3 - Pure Michigan 6
TOP OF THE 9TH
Pennsauken Flyers batting - Pitching for Pure Michigan Great Lakers : RHP Nate Jackson
Pitching: RHP Morton Steele
Now at 3B: Allen Pandey
Batting: RHB Raúl Moreno 0-0: Ball
1-0: Called Strike
1-1: Reached on error, E6 (Groundball, 6)
Batting: RHB Roy McFerran 0-0: Swinging Strike
0-1: Ball
1-1: Ball
2-1: Foul Ball, location: 2F
2-2: Strikes out swinging
Batting: RHB Clarence Therrien 0-0: Ball
1-0: Foul Ball, location: 2F
1-1: Reached on error, E5 (Groundball, 56)
Raúl Moreno to second
Batting: RHB John Downing 0-0: Ball
1-0: Ball
2-0: Called Strike
2-1: Ball
3-1: Base on Balls
Raúl Moreno to third
Clarence Therrien to second
Pinch Hitting: RHB Vincente Flores 0-0: Ball
1-0: Grounds into double play, 6-2-3 (Groundball, 6)
Top of the 9th over - 0 runs, 0 hits, 2 errors, 2 left on base; Pennsauken 3 - Pure Michigan 6
Friday, March 29th, 2019 - OOTP Baseball 18.8 Build 76